 Dungeon Crawl Stone Soup version 0.31.0-32-g396128a36d (webtiles) character file.

Game seed: 15397061504653559865

392 spaghetti the Trooper (level 6, -4/61 HPs)
             Began as a Naga Chaos Knight on Mar 25, 2024.
             Was a Plaything of Xom.
             Slain by a warg (17 damage)
             ... on level 4 of the Dungeon.
             The game lasted 00:05:03 (3182 turns).

spaghetti the Trooper (Naga Chaos Knight)           Turns: 3182, Time: 00:05:04

Health: -4/61      AC: 15    Str: 25      XL:     6   Next: 80%
Magic:  8/8        EV:  7    Int: 14 (15) God:    Xom [.*....]
Gold:   1116       SH:  0    Dex: 13      Spells: 4/8 levels left

rFire   . . .        a - +0 spear (chaos)
rCold   x . .        (no shield)
rNeg    . . .        b - +2 leather armour
rPois   +            (no helmet)
rElec   .            h - +0 cloak
rCorr   .            t - +2 pair of gloves {Dex+3}
SInv    +            e - +1 barding {Stlth+}
Will    .....        n - amulet "Xireeplexzy" {RegenMP rF- Str+2 Int+3}
Stlth   +++          d - +6 ring of strength
HPRegen 0.30/turn    k - ring of fire
MPRegen 0.51/turn

%: no passive effects
@: attractive, very slow
A: AC +2, large, see invisible, deformed body, poison resistance, slowness 2,
spit poison 1, naga tail 1
a: Spit Poison, Renounce Religion


You were on level 4 of the Dungeon.
You worshipped Xom.
You were a plaything of Xom.
You visited 1 branch of the dungeon, and saw 4 of its levels.

You collected 1116 gold pieces.

Inventory:

Hand Weapons
 a - a +0 spear of chaos (weapon)
 j - a +4 dagger
 q - a +2 vampiric dagger
Armour
 b - a +2 leather armour (worn)
 e - a +1 barding of stealth (worn)
 h - a +0 cloak (worn)
 t - a +2 pair of gloves of dexterity (worn)
Jewellery
 d - a +6 ring of strength (left hand)
 i - an amulet of the acrobat
 k - a ring of fire (right hand)
 n - the amulet "Xireeplexzy" (around neck) {RegenMP rF- Str+2 Int+3}
   (You acquired it on level 4 of the Dungeon)

   [amulet of magic regeneration]

   RegenMP:   It increases your rate of magic regeneration.
   Str+2:     It affects your strength (+2).
   Int+3:     It affects your intelligence (+3).
   rF-:       It makes you vulnerable to fire.
 p - an amulet of faith
Wands
 o - a wand of flame (10)
Scrolls
 c - a scroll of blinking {unknown}
 l - a scroll of noise
 r - a scroll of immolation
Potions
 f - a potion of might {unknown}
 g - a potion of cancellation
 m - a potion of curing


   Skills:
 + Level 5.5 Fighting
 - Level 3.0 Polearms
 - Level 1.5 Armour
 - Level 0.7 Dodging
 + Level 1.7 Stealth
 + Level 1.6 Spellcasting
 + Level 1.7 Air Magic
 * Level 3.2 Evocations


You had 4 spell levels left.
You knew the following spells:

 Your Spells              Type           Power      Damage    Failure   Level
a - Airstrike             Air            3%         2d(1-17)  80%         4

Your spell library contained the following spells:

 Spells                   Type           Power      Damage    Failure   Level
 Static Discharge         Conj/Air       6%         3-4/arc   30%         2
 Summon Lightning Spire   Summ/Air       3%         N/A       89%         4
 Conjure Ball Lightning   Conj/Air       1%         3x3d6     100%        6
 Discord                  Hex            0%         N/A       100%        8
 Disjunction              Tloc           0%         N/A       100%        8


Dungeon Overview and Level Annotations

Branches:
Dungeon (4/15)
 Temple: D:4-7

Altars:
Okawaru
Xom


Innate Abilities, Weirdness & Mutations

Your serpentine skin is tough. (AC +2)
You have supernaturally acute eyesight. (SInv)
Armour fits poorly on your strangely shaped body.
Your system is resistant to poisons. (rPois)
You cover ground very slowly.
You can spit poison.
You have a snake-like lower body.


Message History

You are too injured to fight recklessly!
You are too injured to fight recklessly!
You are too injured to fight recklessly!
You are too injured to fight recklessly!
You are too injured to fight recklessly!
You are too injured to fight recklessly!
You are too injured to fight recklessly!
You are too injured to fight recklessly!
You are too injured to fight recklessly!
You are too injured to fight recklessly!
You are too injured to fight recklessly!
You are too injured to fight recklessly!
You are too injured to fight recklessly!
You are too injured to fight recklessly!
You are too injured to fight recklessly!
You are too injured to fight recklessly!
You are too injured to fight recklessly!
You are too injured to fight recklessly!
You are too injured to fight recklessly!
You are too injured to fight recklessly!
You are too injured to fight recklessly!
You are too injured to fight recklessly!
You are too injured to fight recklessly!
You are too injured to fight recklessly!
You are too injured to fight recklessly!
You are too injured to fight recklessly!
You are too injured to fight recklessly!
You are too injured to fight recklessly!
You are too injured to fight recklessly!
You hit the warg but do no damage.
The orc shouts!
You hear a shout!
The warg bites you! The warg bites you but does no damage.
An orc comes into view. It is wielding a +0 war axe.
It was a potion of attraction.
You feel attractive to monsters. The warg bites you!
* * * LOW HITPOINT WARNING * * *
The warg bites you!
You die...
Xom titters!

.# ##.##..#
...# #.# .#
#......#.#.##
#.# .#
#..##.##.#.#
#.#
.###........#.#
#.#
......##.####.#
#.# ..#####....
#.# .†...#
##### #.#
#.##.#
#########.# ..#
# #.o..)h@..#
### #o#########


You could see a warg (fast) and 2 orcs.

Vanquished Creatures
  An ogre (D:4)
  4 crimson imps (D:3)
  An orc priest (D:4)
  A hound (D:3)
  3 gnolls (D:3)
  An adder (D:2)
  2 ribbon worms
  2 dart slugs (D:2)
  3 orcs
  3 ball pythons
  3 bats
  6 endoplasms
  4 giant cockroaches
  4 goblins (D:2)
  9 hobgoblins
  2 jackals (D:2)
  3 quokkas
  5 frilled lizards
  6 kobolds
  7 rats
70 creatures vanquished.

Notes
Turn   | Place    | Note
-------+----------+-------------------------------------------
     0 | D:1      | spaghetti the Naga Chaos Knight began the quest for the
                  | Orb.
     0 | D:1      | Reached XP level 1. HP: 21/21 MP: 1/1
   370 | D:1      | Reached XP level 2. HP: 28/28 MP: 2/2
   650 | D:1      | XOM: noise
   826 | D:2      | XOM: silly message
   837 | D:2      | XOM: noise
   843 | D:1      | Reached skill level 4 in Fighting
   899 | D:1      | Reached XP level 3. HP: 18/36 MP: 3/3
  1215 | D:2      | XOM: silly message
  1338 | D:2      | XOM: divination: magic mapping
  1417 | D:2      | Reached XP level 4. HP: 45/45 MP: 4/4
  1812 | D:2      | XOM: summons 1 hostile shadow creature
  1879 | D:3      | XOM: summons 2 hostile demons
  2011 | D:3      | Found an iron altar of Okawaru.
  2021 | D:3      | Reached skill level 5 in Fighting
  2021 | D:3      | Reached skill level 1 in Evocations
  2176 | D:3      | Identified the +1 short sword of the Iron City of Dis
                  | {flame, rF+}
  2196 | D:3      | Found a shimmering altar of Xom.
  2204 | D:3      | XOM: draining
  2228 | D:3      | XOM: 1-stop teleportation journey
  2261 | D:3      | Reached XP level 5. HP: 45/48 MP: 5/5
  2287 | D:3      | XOM: potion effect (curing)
  2289 | D:3      | XOM: divination: detect items
  2296 | D:3      | Reached skill level 1 in Air Magic
  2386 | D:3      | Reached skill level 1 in Spellcasting
  2433 | D:3      | XOM: 7-stop teleportation journey
  2480 | D:3      | Reached XP level 6. HP: 54/61 MP: 7/7
  2635 | D:3      | XOM: god gift: +1 barding of stealth
  2650 | D:3      | Learned a level 4 spell: Airstrike
  2895 | D:4      | Reached skill level 1 in Stealth
  3128 | D:4      | Identified 3 scrolls of acquirement
  3128 | D:4      | Acquired a +2 pair of gloves of dexterity
  3135 | D:4      | Acquired 851 gold pieces
  3137 | D:4      | Acquired the amulet "Xireeplexzy" {RegenMP rF- Str+2 Int+3}
  3177 | D:4      | an orc changed into a warg
  3177 | D:4      | Noticed a warg
  3177 | D:4      | XOM: polymorph orc -> warg
  3182 | D:4      | Slain by a warg

Illustrated notes

Levels and vault maps discovered:
D:1:      dpeg_arrival_court, layout_loops_ring
D:2:      layout_loops_ring, serial_bayou, serial_bayou_lagoon_b,
          serial_bayou_lake_a, serial_bayou_shore_b, serial_bayou_pond_b,
          serial_bayou_crossing, chequers_serial_rivers_small_b,
          minmay_pentomino_o4
D:3:      layout_loops_ring, okawaru_metal_pillars_1_2, led_xom_imps
D:4:      layout_basic

Skill      XL: |  1  2  3  4  5  6 |
---------------+-------------------+-----
Fighting       | 4 5 |  5.5
Evocations     | 1 2 3 |  3.2
Air Magic      | 1 |  1.7
Spellcasting   | 1 |  1.6
Stealth        | 1 |  1.7
Polearms       | |  3.0
Armour         | |  1.5
Dodging        | |  0.7

Action                     |  1- 3 |  4- 6 || total
---------------------------+-------+-------++-------
  Melee: Spear             |   103 |   159 ||   262
         Punch             |     1 |     3 ||     4
         Dagger            |       |    17 ||    17
Ability: Spit Poison       |       |     1 ||     1
    Use: Potion            |     5 |     3 ||     8
         Scroll            |       |     9 ||     9
   Stab: Paralysed         |     1 |       ||     1
         Sleeping          |       |     1 ||     1
 Armour: Leather armour    |    62 |   119 ||   181
  Dodge: Dodged            |    38 |    64 ||   102
